Map: Winter's Gate LE

Players

Epic - Winner!

  • Race: Terran Terran
  • Spawn Location: 11:00

PappiJoe

  • Race: Protoss Protoss
  • Spawn Location: 5:00

VOD

Have the link to the VOD?

Description

Time

  • Played on: Sept. 6, 2019, 1:26 p.m.
  • Length: 10:15
Show
View Real Time Build Order
Export as new Build Order

Epic Terran - Winner!

Build Orders: Reaper Expand 

Get SALT Encoding   

  12  0:00  SCV  
  13  0:12  SCV  
  14  0:17  Supply Depot  
  14  0:25  SCV  
  15  0:38  SCV  
  15  0:40  Barracks  
  16  0:43  Refinery  
  16  0:51  SCV  
  17  1:03  SCV  
  18  1:15  SCV  
  19  1:27  Orbital Command, Reaper  
  20  1:41  Command Center  
  20  1:50  Supply Depot  
  20  1:53  SCV  
  21  1:59  Marine  
  22  2:07  Factory  
  22  2:10  SCV  
  23  2:18  Supply Depot  
  23  2:19  Refinery  
  23  2:21  Barracks Reactor  
  22  2:24  SCV  
  22  2:29  Bunker  
  23  2:36  SCV  
  24  2:48  SCV  
  27  2:51  Widow Mine  
  27  2:55  Orbital Command  
  27  2:57  Marine x2  
  29  3:03  Orbital Command  
  29  3:04  Starport  
  29  3:08  SCV  
  30  3:13  Factory Tech Lab  
  30  3:16  Marine x2  
  32  3:24  SCV  
  33  3:31  Cyclone  
  36  3:34  Marine  
  36  3:36  Supply Depot, Marine  
  36  3:41  Starport Tech Lab  
  38  3:52  Marine  
  38  3:53  Marine  
  39  3:59  Banshee  
  42  4:10  Marine  
  42  4:11  Marine  
  42  4:16  Supply Depot  
  45  4:24  Siege Tank  
  45  4:28  Marine  
  45  4:29  Marine  
  47  4:35  Bunker  
  47  4:40  Bunker  
  50  4:48  Marine x2  
  50  4:51  SCV x2  
  54  4:56  Siege Tank  
  54  4:57  Orbital Command  
  57  5:06  SCV  
  58  5:08  Marine x2  
  60  5:16  Raven  
  60  5:20  SCV  
  57  5:34  SCV x2  
  56  5:40  Marine x2  
  56  5:49  SCV x2  
  48  6:05  SCV x2  
  48  6:09  Marine x2  
  52  6:19  Siege Tank  
  52  6:24  SCV x2  
  57  6:34  Viking  
  57  6:36  SCV  
  60  6:40  Supply Depot  
  60  6:41  SCV  
  60  6:46  Bunker  
  61  6:54  SCV  
  62  7:01  Supply Depot  
  62  7:02  SCV  
  62  7:07  Barracks  
  61  7:11  Barracks Tech Lab, Barracks  
  61  7:12  SCV  
  61  7:14  SCV  
  48  7:24  SCV  
  48  7:26  SCV  
  48  7:29  Stimpack, Marine  
  48  7:32  Siege Tank  
  51  7:39  SCV x2  
  66  7:44  Viking  
  51  7:47  Marine  
  51  7:53  SCV  
  51  7:54  Marine x2  
  54  8:04  Siege Tank  
  54  8:05  Marine  
  58  8:09  SCV x2  
  60  8:17  Supply Depot  
  60  8:18  Supply Depot  
  60  8:23  Engineering Bay  
  60  8:24  Supply Depot  
  60  8:26  SCV x2  
  62  8:31  Marine  
  62  8:32  Marine x3  
  66  8:38  SCV x2  
  68  8:43  Siege Tank  
  71  8:52  Supply Depot  
  71  8:53  SCV x2  
  73  8:57  Barracks Tech Lab, Marine x3  
  73  8:59  Starport Reactor  
  76  9:11  Refinery  
  76  9:12  Refinery  
  76  9:13  Supply Depot  
  76  9:16  Marauder x2, Marine x2  
  79  9:34  Marine x2  
  79  9:37  Marauder x2  
  84  9:44  SCV x2  
  74  9:48  Supply Depot  
  78  9:55  Marine x2  
  78  9:57  SCV x2  
Show
View Real Time Build Order
Export as new Build Order

PappiJoe Protoss 

Build Orders: Zealot Archon, Dark Templar Rush 

Get SALT Encoding   

  12  0:09  Pylon  
  12  0:13  Probe  
  13  0:28  Gateway, Probe  
  14  0:36  Probe  
  14  0:42  Assimilator  
  15  0:46  Probe  
  16  0:52  Assimilator  
  16  0:58  Probe  
  17  1:10  Probe  
  18  1:16  Cybernetics Core  
  18  1:22  Probe  
  19  1:30  Pylon  
  19  1:34  Probe  
  20  1:43  Adept  
  20  1:46  Probe  
  23  1:56  Robotics Facility  
  23  2:01  Warp Gate, Probe  
  24  2:12  Stalker  
  24  2:13  Probe  
  27  2:23  Pylon  
  27  2:40  Twilight Council  
  27  2:47  Immortal  
  31  3:17  Dark Shrine  
  31  3:18  Warp Prism  
  31  3:28  Gateway  
  30  3:59  Gateway  
  30  4:01  Observer  
  31  4:33  Nexus  
  31  4:34  Pylon  
  31  4:44  Dark Templar x2  
  35  4:53  Dark Templar  
  37  5:00  Shield Battery  
  37  5:17  Dark Templar x2  
  33  5:40  Dark Templar  
  35  5:53  Zealot x2  
  39  6:03  Probe  
  36  6:12  Gateway  
  36  6:15  Gateway, Probe  
  37  6:21  Probe  
  37  6:23  Zealot x2, Dark Templar  
  44  6:26  Protoss Air Weapons Level 1  
  44  6:27  Probe  
  44  6:29  Archon  
  45  6:33  Probe  
  45  6:36  Gateway  
  46  6:44  Zealot  
  48  6:51  Observer  
  48  6:58  Zealot x2  
  52  7:04  Pylon  
  52  7:22  Zealot x3, Stalker  
  42  7:23  Zealot  
  44  7:38  Zealot  
  44  7:43  Zealot x4  
  44  7:45  Zealot  
  44  7:47  Charge  
  42  7:52  Shield Battery  
  42  7:54  Probe  
  43  8:07  Probe x2  
  45  8:16  Stalker  
  45  8:19  Probe  
  49  8:20  Probe  
  49  8:22  Stalker  
  49  8:26  Zealot  
  53  8:29  Zealot  
  53  8:33  Stalker  
  57  8:37  Zealot  
  57  8:52  Zealot x2  
  57  8:54  Pylon  
  61  8:56  Pylon  
  61  8:59  Pylon  
  61  9:17  Zealot x4, Stalker  
  63  9:22  Zealot  
  73  9:39  Zealot x3  
  73  9:43  Zealot x3  
  55  9:59  Zealot x3  
Tags
 
Add a new tag
Caveats
  • Supply blocks, unpowered buildings, or Contaminate may cause inaccurate times.
  • Supply counts are checked every 10 seconds.